 Dungeon Crawl Stone Soup version 0.21-a0-404-g291f19a (webtiles) character file.

74 grizmgrazm2 the Chiller (level 4, -4/35 HPs)
             Began as a Ghoul Ice Elementalist on Oct 29, 2017.
             Was a Believer of Lugonu.
             Slain by a gnoll sergeant
             ... wielding a +0 spear
              (5 damage)
             ... on level 2 of the Dungeon.
             The game lasted 00:05:24 (1420 turns).

grizmgrazm2 the Chiller (Ghoul Ice Elementalist)    Turns: 1420, Time: 00:05:25

Health: -4/35      AC:  2    Str: 11    XL:     4   Next: 30%
Magic:  0/6        EV: 12    Int: 11    God:    Lugonu [**....]
Gold:   5          SH:  0    Dex:  9    Spells: 7/8 levels left

rFire    . . .     SeeInvis .   g - +1 hand axe (chop)
rCold    + . .     Gourm    .   (no shield)
rNeg     + + +     Faith    .   a - +0 robe
rPois    ∞         Spirit   .   (no helmet)
rElec    .         Reflect  .   (no cloak)
rCorr    .         Harm     .   (no gloves)
MR       .....                  (no boots)
Stlth    ++........             (no amulet)
HPRegen  0.00/turn              (no ring)
MPRegen  0.10/turn              (no ring)

@: rotting
A: rotting body, claws 1, carnivore 3, cold resistance 1, negative energy
resistance 3, inhibited regeneration, torment resistance, unbreathing
a: Depart the Abyss, Bend Space, Renounce Religion


You were on level 2 of the Dungeon.
You worshipped Lugonu.
Lugonu was pleased with you.
You were not hungry.

You visited 1 branch of the dungeon, and saw 2 of its levels.

You collected 5 gold pieces.

Inventory:

Hand Weapons
 g - a +1 hand axe of chopping (weapon)
Armour
 a - a +0 robe (worn)
Scrolls
 e - a scroll of immolation {unknown}
 f - a scroll of magic mapping {unknown}
 h - 2 scrolls of recharging {unknown}
 l - a scroll of amnesia {unknown}
Potions
 d - a potion of mutation {unknown}
 j - a potion of flight {unknown}
 k - a potion of curing {unknown}
Books
 b - a book of Frost

   Spells                             Type                      Level
   a - Freeze                         Ice                          1
   b - Throw Frost                    Conjuration/Ice              2
   c - Ozocubu's Armour               Charms/Ice                   3
   d - Throw Icicle                   Conjuration/Ice              4
   e - Summon Ice Beast               Ice/Summoning                4
Comestibles
 c - a meat ration
 i - 8 chunks of flesh


   Skills:
 + Level 1.2 Fighting
 - Level 1.9 Dodging
 - Level 2.3 Stealth
 - Level 0.5 Unarmed Combat
 + Level 2.5 Spellcasting
   Level 0.7 Conjurations
 * Level 4.3 Ice Magic


You had 7 spell levels left.
You knew the following spells:

 Your Spells              Type           Power        Failure   Level  Hunger
a - Freeze                Ice            ##..         4%          1    ##.....


Dungeon Overview and Level Annotations

Branches:
Dungeon (2/15)

Altars:
Lugonu


Innate Abilities, Weirdness & Mutations

Your body is rotting away.
You thrive on raw meat.
You are immune to poison.
You have sharp fingernails.
You are carnivorous and can eat meat at any time.
Your flesh is cold resistant. (rC+)
You are immune to negative energy. (rN+++)
You do not regenerate when monsters are visible.
You are immune to unholy pain and torment.
You can survive without breathing.


Message History

The gnoll sergeant is moderately wounded.
The gnoll sergeant hits you but does no damage.
The gnoll hits you but does no damage.
Casting: Freeze
Confirm with . or Enter, or press ? or * to list all spells.
You don't have enough magic to cast that spell.
Eat one of 5 chunks of flesh? (ye/n/q)
You eat one of the 5 chunks of flesh.
This raw flesh tastes great!
The gnoll sergeant hits you with a spear.
* * * LOW HITPOINT WARNING * * *
The gnoll hits you from afar with a spear!
* * * LOW HITPOINT WARNING * * *
The gnoll sergeant hits you but does no damage.
The gnoll hits you from afar with a spear.
* * * LOW HITPOINT WARNING * * *
The gnoll sergeant closely misses you.
You see here 4 chunks of flesh.
i - 8 chunks of flesh (gained 4)
The gnoll sergeant hits you from afar with a spear.
You die...

. ..# #.# #### ..
...#.##...##
...##.#.#..# .#
..........###.#
......#.#..#..#####
#...............
##.##.##.######
.#.##)##.#####
#####...##.##...@.#
..#...# #.######.#
..#.## #.# #g#
.....# #.# #g#
.###.#####.# #g# .#
#.....).# #g# .#
######### #.# .#
#.# .###### ..#


You could see a gnoll sergeant and 3 gnolls.

Vanquished Creatures
  2 adders (D:2)
  A gnoll (D:2)
  An ooze (D:2)
  A bat (D:1)
  A giant cockroach (D:1)
  5 goblins
  3 hobgoblins
  8 jackals
  6 kobolds
  2 quokkas (D:2)
  7 frilled lizards
  3 rats
40 creatures vanquished.

Notes
Turn   | Place    | Note
-------+----------+-------------------------------------------
     0 | D:1      | grizmgrazm2 the Ghoul Ice Elementalist began the quest for the Orb.
     0 | D:1      | Reached XP level 1. HP: 14/14 MP: 2/2
     2 | D:1      | Noticed a dwarf
     2 | D:1      | Noticed a gargoyle
     4 | D:1      | Noticed an ogre
     4 | D:1      | Noticed a tengu
     6 | D:1      | Noticed a spriggan
     6 | D:1      | Noticed an octopode
     8 | D:1      | Noticed a demonspawn
     8 | D:1      | Noticed a minotaur
    10 | D:1      | Noticed a vine stalker
    12 | D:1      | Noticed a demigod
    12 | D:1      | Noticed a ghoul
    14 | D:1      | Noticed a human
    16 | D:1      | Noticed a felid
    16 | D:1      | Noticed a draconian
    18 | D:1      | Noticed a formicid
    18 | D:1      | Noticed a merfolk
    20 | D:1      | Noticed a troll
    20 | D:1      | Noticed a halfling
    22 | D:1      | Noticed a naga
    24 | D:1      | Noticed a vampire
    26 | D:1      | Noticed a centaur
    26 | D:1      | Noticed an elf
   173 | D:1      | Reached XP level 2. HP: 19/20 MP: 3/3
   504 | D:1      | Reached XP level 3. HP: 22/26 MP: 5/5
   974 | D:2      | Reached skill level 4 in Ice Magic
  1236 | D:2      | Found a faded altar of an unknown god.
  1241 | D:2      | Became a worshipper of Lugonu the Unformed
  1241 | D:2      | Reached * piety under Lugonu
  1241 | D:2      | Reached ** piety under Lugonu
  1335 | D:2      | Reached skill level 1 in Fighting
  1376 | D:2      | Reached XP level 4. HP: 30/35 MP: 6/6
  1410 | D:2      | Noticed a gnoll sergeant
  1417 | D:2      | HP: 1/35 [gnoll/spear (1)]
  1420 | D:2      | Slain by a gnoll sergeant

Vault maps used:
D:1:      kb_arrival_jail
D:2:      chequers_ecumenical_altar_lobes, minmay_door_square

Skill      XL: |  1  2  3 |
---------------+----------+-----
Spellcasting   | 2 |  2.5
Ice Magic      | 4 |  4.3
Fighting       | 1 |  1.2
Dodging        | |  1.9
Stealth        | |  2.3
Unarmed Combat | |  0.5
Conjurations   | |  0.7

Action                   |  1- 3 |  4- 6 || total
-------------------------+-------+-------++-------
Melee: Unarmed           |    61 |       ||    61
       Hand axe          |    67 |     6 ||    73
 Cast: Freeze            |    17 |    10 ||    27
  Use: Potion            |     1 |       ||     1
 Stab: Sleeping          |     3 |       ||     3
  Eat: Chunk             |    26 |     4 ||    30
Armor: Robe              |    26 |     5 ||    31
Dodge: Dodged            |   108 |     8 ||   116

Table legend:
 A = Spawn XP
 B = Non-spawn XP
 C = Spawn XP percentage of total XP
 D = Spawn monster count
 E = Non-spawn monster count
 F = Spawn count percentage of total count
 G = Total turns spent on level
                    A         B        C        D         E        F      G
               +---------+---------+-------+---------+---------+-------+---------
         Total |       0 |     107 |   0.0 |       0 |      40 |   0.0 |  1420
               +---------+---------+-------+---------+---------+-------+---------
           D:1 |       0 |      37 |   0.0 |       0 |      22 |   0.0 |   898
           D:2 |       0 |      70 |   0.0 |       0 |      18 |   0.0 |   522
               +---------+---------+-------+---------+---------+-------+---------
